 Dungeon Crawl Stone Soup version 0.28-b1-25-g9875b3fc8c (webtiles) character file.

Game seed: 5997955944986002768

1482 adizb the Cruncher (level 8, -16/78 HPs)
             Began as an Ogre Gladiator on Feb 2, 2022.
             Was a Follower of Hepliaklqana.
             Demolished by Duvessa (22 damage)
             ... on level 5 of the Dungeon.
             The game lasted 00:44:25 (4059 turns).

adizb the Cruncher (Ogre Gladiator)                 Turns: 4059, Time: 00:44:26

Health: -16/78     AC:  5    Str: 21    XL:     8   Next: 79%
Magic:  8/8        EV: 11    Int:  9    God:    Hepliaklqana [*.....]
Gold:   201        SH:  0    Dex: 10    Spells: 7/7 levels left

rFire   + . .      SeeInvis .   a - +0 quarterstaff
rCold   . . .      Faith    .   (shield currently unavailable)
rNeg    + . .      Spirit   .   f - +1 robe {Will+}
rPois   .          Reflect  .   t - +1 hat of the Frog {Fly rN+}
rElec   .          Harm     .   (no cloak)
rCorr   .          Rampage  .   (gloves unavailable)
Will    +....                   (boots unavailable)
Stlth   +.........              (no amulet)
HPRegen 0.23/turn               i - ring of wizardry
MPRegen 0.11/turn               g - ring of protection from fire

@: flying
A: reduced essence, large, unfitting armour, tough skin 1
a: Renounce Religion, Recall Ancestor, Ancestor Identity


You were on level 5 of the Dungeon.
You worshipped Hepliaklqana.
Hepliaklqana was aware of your devotion.
You visited 1 branch of the dungeon, and saw 5 of its levels.

You collected 201 gold pieces.

Inventory:

Hand Weapons
 a - a +0 quarterstaff (weapon)
 p - a +0 vorpal hunting sling
Missiles
 d - a throwing net
 j - 262 stones
 k - 25 sling bullets
 u - 2 poisoned darts
Armour
 f - a +1 robe of willpower (worn)
 t - the +1 hat of the Frog (worn) {Fly rN+}
   (You acquired it on level 5 of the Dungeon)

   rN:        It protects you from negative energy.
   Fly:       It grants you flight.
Magical Staves
 e - a staff of death
 h - a staff of fire
Jewellery
 g - a ring of protection from fire (right hand)
 i - a ring of wizardry (left hand)
 w - a ring of wizardry
Wands
 o - a wand of mindburst (4)
 s - a wand of iceblast (9) (quivered)
Scrolls
 r - a scroll of vulnerability {unknown}
Potions
 c - a potion of mutation {unknown}
 l - a potion of brilliance
 m - a potion of attraction
 n - a potion of cancellation
 q - a potion of curing


   Skills:
 + Level 7.4 Fighting
 * Level 8.1 Staves
 - Level 2.0 Throwing
 + Level 5.5 Dodging


You had 7 spell levels left.
You didn't know any spells.
Your spell library was empty.

Dungeon Overview and Level Annotations

Branches:
Dungeon (5/15)
 Temple: D:4-7

Altars:
Cheibriados
Fedhas
Hepliaklqana
Kikubaaqudgha
The Shining One

Portals:
Abyss: D:4

Annotations:
D:4 2 transporters, Dormantt's ghost, amateur FoFi
D:5 Duvessa


Innate Abilities, Weirdness & Mutations

Your life essence is reduced to manifest your ancestor. (-10% HP)
You are too large for most types of armour.
You have tough skin. (AC +1)


Message History

The gnoll shouts!
There is an open door, spattered with blood here.
Items here: ( ))).
You hit the iguana but do no damage.
Belshunu hits the iguana.
Duvessa rages.
You hit the iguana but do no damage.
The iguana is lightly wounded.
Duvessa rages.
The iguana barely misses you.
Belshunu hits the iguana.
You sock the iguana!
You kill the iguana!
Duvessa barely misses you.
Press: ? - help, v - describe, . - travel
Here: Duvessa, wielding a +0 rapier and wearing a +0 ring mail (berserk)
An open door.
There are monsters nearby!
You hit Duvessa but do no damage. Duvessa misses you.
Belshunu hits Duvessa.
You hit Duvessa but do no damage.
Duvessa is lightly wounded.
Duvessa closely misses you.
Belshunu hits Duvessa.
Duvessa hits you with a +0 rapier!
You hit Duvessa.
Duvessa is moderately wounded.
Duvessa hits you with a +0 rapier!
Belshunu hits Duvessa.
You hit Duvessa.
Duvessa is moderately wounded.
Duvessa hits you with a +0 rapier!
* * * LOW HITPOINT WARNING * * *
Belshunu hits Duvessa.
You hit Duvessa.
Duvessa is heavily wounded.
Duvessa hits you with a +0 rapier!
* * * LOW HITPOINT WARNING * * *
Duvessa barely misses you.
You swap places.
Belshunu hits Duvessa.
Duvessa hits you with a +0 rapier!
* * * LOW HITPOINT WARNING * * *
There is an open door, spattered with blood here.
Items here: ( ))).
Belshunu hits Duvessa.
Duvessa hits you with a +0 rapier!!
You die...

.########..#..#..#..#..# #..
.#...#..#)[#..####..#..# #.#
.#.).#..#'##..#..#..#..# #.#
.###'#)##..#'##..#'###.# #.#
..#[.#.....)..##'#...#.# #.#
..#..#.##'##.....#gK.#.# #.#
.##'##.#...####..#g###.# #.#
.#..#..#...#.(#..eR.').# #.#
.#.[)..#...'.)#.@#..#..# #.#
.#####.#########.####..# #.#
..#..'..# #.. #...########.#
..#..#..# '...#............#
..#####.##+#####.#####..#######..
...#..'..........#...)..# ##.
...#..#)...##'#..'...#.## #.
..#####)#'## ###'###.# #.
..#..#..#).# .... ..# #.


You could see the friendly Belshunu the ancestor, Duvessa (berserk, ally
target), a gnoll, a hobgoblin and a kobold.

Vanquished Creatures
  Pikel (D:5)
  A steam dragon (D:5)
  Menkaure (D:5)
  A water moccasin (D:5)
  A scorpion (D:4)
  Dowan (D:5)
  A hound (D:4)
  3 orc priests
  2 jellies
  An iguana (D:5)
  An orc wizard (D:5)
  A hound skeleton (D:4)
  2 adders
  2 gnolls (D:5)
  A worm (D:5)
  2 dart slugs
  11 orcs
  5 endoplasms
  4 giant cockroaches
  6 goblins
  12 hobgoblins
  3 quokkas
  5 ball pythons
  5 bats
  7 frilled lizards
  12 kobolds
  6 rats
98 creatures vanquished.

Vanquished Creatures (collateral kills)
  A black bear (D:4)
  A necrophage (D:5)
  A centaur skeleton (D:5)
  An adder (D:4)
  2 orcs (D:5)
  4 goblins (D:5)
  A hobgoblin (D:5)
  A kobold (D:4)
12 creatures vanquished.

Vanquished Creatures (others)
  2 ancestors (D:5)
  A plant (D:5)
3 creatures vanquished.

Grand Total: 113 creatures vanquished

Notes
Turn   | Place    | Note
-------+----------+-------------------------------------------
     0 | D:1      | adizb the Ogre Gladiator began the quest for the Orb.
     0 | D:1      | Reached XP level 1. HP: 22/22 MP: 1/1
   163 | D:1      | Reached XP level 2. HP: 14/31 MP: 2/2
   529 | D:1      | Reached XP level 3. HP: 35/37 MP: 3/3
   745 | D:2      | Found a glowing golden altar of the Shining One.
  1200 | D:2      | Reached skill level 4 in Staves
  1200 | D:2      | Reached XP level 4. HP: 3/45 MP: 4/4
  1729 | D:3      | Found a faded altar of an unknown god.
  1927 | D:3      | Found a blossoming altar of Fedhas.
  1984 | D:3      | Found a snail-covered altar of Cheibriados.
  1984 | D:3      | Found an ancient bone altar of Kikubaaqudgha.
  1984 | D:3      | Found a hazy altar of Hepliaklqana.
  1996 | D:3      | Became a worshipper of Hepliaklqana the Forgotten
  2197 | D:3      | Reached XP level 5. HP: 25/54 MP: 5/5
  2287 | D:4      | Noticed a black bear
  2295 | D:4      | Killed a black bear
  2296 | D:4      | Reached skill level 5 in Staves
  2300 | D:4      | Found a transporter.
  2381 | D:4      | Found a one-way gate to the infinite horrors of the Abyss.
  2381 | D:4      | Noticed Dormantt's ghost (amateur FoFi)
  2399 | D:4      | Reached XP level 6. HP: 34/63 MP: 6/6
  2442 | D:4      | Found a transporter.
  2695 | D:4      | Noticed a small abomination
  2773 | D:4      | Reached skill level 5 in Fighting
  2902 | D:5      | Entered Level 5 of the Dungeon
  2944 | D:5      | Noticed Duvessa
  2944 | D:5      | Noticed Dowan
  3078 | D:5      | Noticed a steam dragon
  3086 | D:5      | Killed a steam dragon
  3087 | D:5      | Reached skill level 6 in Staves
  3087 | D:5      | Reached XP level 7. HP: 41/72 MP: 7/7
  3205 | D:5      | Noticed Menkaure
  3220 | D:5      | Killed Menkaure
  3271 | D:5      | Reached * piety under Hepliaklqana
  3426 | D:5      | Reached skill level 7 in Staves
  3426 | D:5      | Reached XP level 8. HP: 25/75 MP: 8/8
  3450 | D:5      | Killed Dowan
  3614 | D:5      | Identified a scroll of acquirement
  3616 | D:5      | Acquired the +1 hat of the Frog {Fly rN+}
  3792 | D:5      | Noticed Pikel
  3959 | D:5      | Killed Pikel
  3960 | D:5      | Reached skill level 8 in Staves
  3960 | D:5      | Reached skill level 5 in Dodging
  4059 | D:5      | Demolished by Duvessa

Illustrated notes

Levels and vault maps discovered:
D:1:      minmay_arrival_diagonal_passages, layout_loops_ring, st_stairs_5
D:2:      layout_rooms, basic_altar, hangedman_decor_points
D:3:      layout_loops_cross, minitemple, mainiacjoe_overflow_tiny_flanked,
          ebering_ecumenical_altar_hall
D:4:      layout_basic, gammafunk_ghost_abyssal_escape
D:5:      corexii_shantytown, layout_loops_ring, uniq_pikel, uniq_menkaure,
          uniq_duvessa

Skill      XL: |  1  2  3  4  5  6  7  8 |
---------------+-------------------------+-----
Fighting       | 3 4 5 6 7 |  7.4
Dodging        | 3 4 5 |  5.5
Staves         | 4 5 6 7 8 |  8.1
Throwing       | |  2.0

Action                   |  1- 3 |  4- 6 |  7- 9 || total
-------------------------+-------+-------+-------++-------
Melee: Quarterstaff      |    90 |    55 |    47 ||   192
       Staff             |       |       |     2 ||     2
 Fire: Hunting sling     |    16 |    56 |    16 ||    88
Throw: Throwing net      |       |     1 |     1 ||     2
Invok: Ancestor Identity |       |       |     1 ||     1
Evoke: Wand              |       |     4 |     7 ||    11
  Use: Scroll            |     3 |     5 |     5 ||    13
Armor: Robe              |    21 |    18 |     6 ||    45
Dodge: Dodged            |    52 |    31 |    24 ||   107
